 Dungeon Crawl Stone Soup version 0.19-a0-1907-gcff654f (webtiles) character file.

7865 dobroeutro the Archer (level 11, -1/102 HPs)
             Began as a Centaur Hunter on Oct 21, 2016.
             Was a High Priest of Okawaru.
             Slain by a manticore (9 damage)
             ... on level 11 of the Dungeon.
             The game lasted 00:21:49 (11547 turns).

dobroeutro the Archer (Centaur Hunter)             Turns: 11547, Time: 00:21:50

Health: -1/102     AC: 13    Str: 16 (17) XL:     11   Next: 2%
Magic:  10/12      EV:  9    Int: 14      God:    Okawaru [*****.]
Gold:   685        SH:  0    Dex:  7      Spells: 0 memorised, 10 levels left

rFire  . . .     SeeInvis +     a - +2 shortbow
rCold  . . .     Gourm    .     Q - +0 scale mail "Gapecwe" {SInv}
rNeg   . . .     Faith    .     (shield currently unavailable)
rPois  .         Spirit   .     (no helmet)
rElec  .         Reflect  .     S - +2 cloak
rCorr  +         Harm     .     K - +2 pair of gloves of the Okapi {Int+4}
MR     .....                    (no barding)
Stlth  +.........               I - amulet of regeneration
                                L - ring of resist corrosion
                                x - +1 ring of slaying

@: heroism, barbed spikes, very quick
A: hooves 3, clumsy 2, deformed body, deterioration 1, speed 2, high mp 1, tough
skin 3
a: Heroism, Finesse, Renounce Religion


You were on level 11 of the Dungeon.
You worshipped Okawaru.
Okawaru was extremely pleased with you.
You were not hungry.

You visited 2 branches of the dungeon, and saw 12 of its levels.

You collected 685 gold pieces.

Inventory:

Hand Weapons
 a - a +2 shortbow (weapon)
 A - a +1 dagger of venom
 T - the +12 short sword "Rejasaex" {drain, +Fly MR- Int+4 Dex+2}
   (You found it on level 9 of the Dungeon)

   A truly terrible weapon, it drains the life of those it strikes.
   It affects your intelligence (+4).
   It affects your dexterity (+2).
   It affects your resistance to hostile enchantments.
   It lets you fly.
Missiles
 d - 199 arrows (quivered)
Armour
 n - a +0 large shield
 K - the +2 pair of gloves of the Okapi (worn) {Int+4}
   (You found it on level 6 of the Dungeon)

   It affects your intelligence (+4).
 Q - the +0 scale mail "Gapecwe" (worn) {SInv}
   (You found it on level 8 of the Dungeon)

   It lets you see invisible.
 S - a +2 cloak (worn)
 X - the +4 ring mail of Paqosiap {rN+ Str+4 Stlth+}
   (You found it on level 9 of the Dungeon)

   It affects your strength (+4).
   It protects you from negative energy.
   It makes you more stealthy.
Jewellery
 b - an uncursed ring of flight
 x - a +1 ring of slaying (left hand)
 y - an uncursed ring of loudness
 H - an uncursed ring of fire
 I - an amulet of regeneration (around neck)
 L - a ring of resist corrosion (right hand)
Wands
 t - a wand of flame (31/48)
 z - a wand of lightning (5/15)
 E - a wand of lightning (6/15)
 O - a wand of disintegration (18/24)
 P - a wand of disintegration (16/24)
 R - a wand of slowing (33/48)
 U - a wand of digging (5/24)
Scrolls
 e - 3 scrolls of remove curse
 g - 7 scrolls of identify
 h - 2 scrolls of fog
 i - 3 scrolls of random uselessness
 B - a scroll of enchant weapon
 D - 2 scrolls of magic mapping
Potions
 j - a potion of cancellation {unknown}
 k - 5 potions of curing
 m - a potion of haste {unknown}
 q - a potion of ambrosia {unknown}
 r - 2 potions of flight {unknown}
 s - 4 potions of degeneration {unknown}
 v - 2 potions of magic {unknown}
 F - a potion of cure mutation {unknown}
 G - a potion of resistance {unknown}
 J - a potion of lignification {unknown}
 N - 3 potions of invisibility
 V - a potion of brilliance {unknown}
 W - 3 potions of might {unknown}
 Y - a potion of agility {unknown}
Books
 C - a book of Cantrips

   Spells                             Type                      Level
   a - Confusing Touch                Hexes                        1
   b - Animate Skeleton               Necromancy                   1
   c - Summon Small Mammal            Summoning                    1
   d - Apportation                    Translocation                1
Comestibles
 c - 4 fruits
 f - 5 bread rations
 l - a slice of pizza
 o - 8 beef jerkies
 p - 6 meat rations
 u - a royal jelly


   Skills:
 + Level 11.1(16.1) Fighting
 + Level 6.4(11.4) Short Blades
 + Level 14.4(19.4) Bows
 - Level 1.3(6.3) Dodging
 - Level 0.4(5.4) Stealth


You had 10 spell levels left.
You didn't know any spells.

Dungeon Overview and Level Annotations

Branches:
Dungeon (11/15)            Temple (1/1) D:4            Lair (0/6) D:9
    Orc (0/2) D:9

Altars:
Ashenzari
Cheibriados
Dithmenos
Elyvilon
Fedhas
Gozag
Hepliaklqana
Kikubaaqudgha
Makhleb
Nemelex Xobeh
Okawaru
Qazlal
Ru
Sif Muna
Trog
Uskayaw
Vehumet
Xom
Yredelemnul
Zin
The Shining One


Innate Abilities, Weirdness & Mutations

You have hooves in place of feet.
Armour fits poorly on your strangely shaped body.
You cover ground very quickly.
You have extremely tough skin. (AC +3)
You are very clumsy. (Dex -4)
Your body sometimes deteriorates upon taking damage.
You have an increased reservoir of magic. (+10% MP)


Message History

Aim: a manticore (severely wounded)
You shoot an arrow. The arrow hits the manticore!
The manticore is almost dead.
Firing (i - inventory):
d - 201 arrows (quivered)
Press: ? - help, Shift-Dir - straight line, f/p - manticore
Aim: a manticore (almost dead)
You shoot an arrow. The arrow barely misses the manticore.
The manticore barely misses you.
The manticore claws you but does no damage. x2
Firing (i - inventory):
d - 200 arrows (quivered)
Press: ? - help, Shift-Dir - straight line, f/p - manticore
Aim: a manticore (almost dead)
You shoot an arrow. The arrow hits the manticore.
The manticore is almost dead.
The manticore closely misses you. The manticore claws you.
* * * LOW HITPOINT WARNING * * *
The manticore claws you.
* * * LOW HITPOINT WARNING * * *
You feel better. The manticore bites you!
You die...

#.##############.##.....##..#
................##...+...##.#
................#...#+#...#.#
........#######.'⌠.##.##.⌠+.#
#####...# #.#.##...##.#.#
#####...#######.###.....###.#
.........(..(.(.##.......##.#
.....†.......(((#......#..#.#
.##############H@.####.##...#
##### #.###### #.#
#########.# ..........#
..........# ########..#
..........# ..........#


You could see a manticore.

Vanquished Creatures
  A cyclops (D:11)
  Psyche (D:9)
  3 trolls
  A two-headed ogre (D:8)
  A hippogriff (D:10)
  6 yaks (D:10)
  Grum (D:11)
  2 wargs (D:9)
  12 orc warriors
  A sky beast (D:9)
  2 ice beasts
  4 black bears
  3 ogres
  3 wolves (D:11)
  2 centaurs
  6 bullfrogs
  3 scorpions
  4 wights (D:8)
  5 killer bees (D:10)
  A howler monkey (D:4)
  5 electric eels (D:9)
  2 crimson imps
  A bullfrog zombie (D:7)
  2 jellies
  6 hounds
  7 orc wizards
  2 centaur skeletons (D:10)
  A bullfrog skeleton (D:5)
  A gnoll shaman (D:4)
  11 orc priests
  2 iguanas
  2 worker ants
  2 hound skeletons
  A hound zombie (D:6)
  A worker ant zombie (D:9)
  7 gnolls
  6 adders
  A howler monkey skeleton (D:7)
  4 shadow imps
  A worm (D:2)
  A dart slug (D:1)
  7 leopard geckos
  51 orcs
  A giant cockroach (D:2)
  7 goblins
  6 hobgoblins
  7 jackals
  3 quokkas
  4 bats
  3 frilled lizards
  5 kobolds
  A leopard gecko skeleton (D:8)
  A leopard gecko zombie (D:7)
  A quokka zombie (D:6)
  13 rats
238 creatures vanquished.

Vanquished Creatures (others)
  An orc (D:9)
1 creature vanquished.

Grand Total: 239 creatures vanquished

Notes
Turn   | Place    | Note
-------+----------+-------------------------------------------
     0 | D:1      | dobroeutro the Centaur Hunter began the quest for the Orb.
     0 | D:1      | Reached XP level 1. HP: 17/17 MP: 1/1
   238 | D:1      | Reached XP level 2. HP: 13/25 MP: 2/2
   918 | D:2      | Found a glowing silver altar of Zin.
   951 | D:2      | Reached skill level 6 in Bows
  1272 | D:2      | HP: 1/25 [hobgoblin/club (4)]
  1615 | D:2      | Found a sacrificial altar of Ru.
  1646 | D:2      | Reached XP level 3. HP: 30/30 MP: 3/3
  2650 | D:2      | Reached skill level 1 in Short Blades
  3089 | D:3      | Reached XP level 4. HP: 27/38 MP: 4/4
  3451 | D:4      | Reached XP level 5. HP: 30/45 MP: 5/5
  3633 | D:4      | Noticed an orc warrior
  3969 | D:4      | Reached skill level 7 in Bows
  4275 | D:4      | Reached XP level 6. HP: 53/53 MP: 6/6
  4474 | D:4      | Killed an orc warrior
  4474 | D:4      | Reached skill level 8 in Bows
  4589 | D:4      | Reached skill level 5 in Fighting
  4724 | D:4      | Reached XP level 7. HP: 57/61 MP: 7/7
  4894 | D:4      | Found a staircase to the Ecumenical Temple.
  5103 | Temple   | Entered the Ecumenical Temple
  5197 | D:5      | Entered Level 5 of the Dungeon
  5349 | D:5      | Found a hide-covered altar of Uskayaw.
  5371 | D:5      | Found a bloodstained altar of Trog.
  5789 | D:6      | Reached skill level 9 in Bows
  5973 | D:6      | Got a pair of bloodstained gloves
  5979 | D:6      | Identified the +2 pair of gloves of the Okapi {Int+4} (You found it on level 6 of the Dungeon)
  6145 | D:6      | Found an iron altar of Okawaru.
  6158 | D:6      | Reached XP level 8. HP: 56/71 MP: 8/8
  6182 | D:6      | Became a worshipper of Warmaster Okawaru
  6191 | D:6      | Reached skill level 10 in Bows
  6962 | D:7      | Reached * piety under Okawaru
  7170 | D:7      | Found an ancient bone altar of Kikubaaqudgha.
  7173 | D:7      | Found a stormy altar of Qazlal.
  7349 | D:7      | Reached skill level 11 in Bows
  7673 | D:8      | Got a shimmering scale mail
  7684 | D:8      | Identified the +0 scale mail "Gapecwe" {SInv} (You found it on level 8 of the Dungeon)
  8034 | D:8      | Noticed a two-headed ogre
  8044 | D:8      | Killed a two-headed ogre
  8044 | D:8      | Reached XP level 9. HP: 81/82 MP: 9/9
  8089 | D:8      | Reached ** piety under Okawaru
  8163 | D:8      | Reached skill level 12 in Bows
  8517 | D:9      | Got an ebony short sword
  8518 | D:9      | Identified the +12 short sword "Rejasaex" {drain, +Fly MR- Int+4 Dex+2} (You found it on level 9 of the Dungeon)
  8527 | D:9      | Noticed Psyche
  8533 | D:9      | Killed Psyche
  8627 | D:9      | Got a steaming ring mail
  8638 | D:9      | Identified the +4 ring mail of Paqosiap {rN+ Str+4 Stlth+} (You found it on level 9 of the Dungeon)
  8670 | D:9      | Gained mutation: Your body sometimes deteriorates upon taking damage. [mutagenic meat]
  8671 | D:9      | Gained mutation: You are dopey. (Int -2) [mutagenic meat]
  8672 | D:9      | Gained mutation: You are clumsy. (Dex -2) [mutagenic meat]
  8673 | D:9      | Gained mutation: You are very clumsy. (Dex -4) [mutagenic meat]
  8674 | D:9      | Gained mutation: You have an increased reservoir of magic. (+10% MP) [mutagenic meat]
  8675 | D:9      | Lost mutation: You are dopey. (Int -2) [mutagenic meat]
  8940 | D:9      | Reached *** piety under Okawaru
  9264 | D:9      | Reached skill level 13 in Bows
  9275 | D:9      | Reached XP level 10. HP: 57/93 MP: 11/11
  9278 | D:9      | Received a gift from Okawaru
  9278 | D:9      | Reached skill level 10 in Fighting
  9496 | D:9      | Found a staircase to the Lair.
  9666 | D:9      | Found a staircase to the Orcish Mines.
  9742 | D:10     | Entered Level 10 of the Dungeon
 10010 | D:10     | Reached **** piety under Okawaru
 10010 | D:10     | Received a gift from Okawaru
 10038 | D:10     | Reached skill level 5 in Short Blades
 10561 | D:10     | Reached skill level 14 in Bows
 11080 | D:11     | Noticed a cyclops
 11109 | D:11     | Killed a cyclops
 11109 | D:11     | Reached ***** piety under Okawaru
 11305 | D:11     | Received a gift from Okawaru
 11489 | D:11     | Noticed Grum
 11499 | D:11     | Noticed a manticore
 11499 | D:11     | Killed Grum
 11499 | D:11     | Reached XP level 11. HP: 93/102 MP: 12/12
 11546 | D:11     | HP: 5/102 [manticore (6)]
 11546 | D:11     | HP: 1/102 [manticore (4)]
 11547 | D:11     | Slain by a manticore

Vault maps used:
D:1:      evilmike_arrival_plus
D:2:      overflow_temple_1_default, lemuel_crystal_altar
D:3:      first_bread, minmay_misc_feat_five, minmay_item_behind_shaft
D:4:      cheibrodos_quashed, corner_web_ring
D:5:      old_standard_altar, nicolae_overflow_hidden_temple
D:6:      okawaru_trees_1
D:7:      gammafunk_temple_overflow_pools
D:8:      grunt_ogre_cave
D:9:      erik_lair_orcish_takeover, erik_orc_2, uniq_psyche
D:11:     serial_shops, nicolae_shop_waterfront, grunt_decor_arrowhead,
          uniq_grum
Temple:   nicolae_temple_great_sept

Skill      XL: |  1  2  3  4  5  6  7  8  9 10 |
---------------+-------------------------------+-----
Bows           | 6 7 8 9 11 13 14 | 14.4
Short Blades   | 1 2 4 6 |  6.4
Fighting       | 3 4 5 6 8 9 11 | 11.1
Dodging        | |  1.3
Stealth        | |  0.4

Action                   |  1- 3 |  4- 6 |  7- 9 | 10-12 || total
-------------------------+-------+-------+-------+-------++-------
Melee: Short sword       |   214 |    27 |    80 |    65 ||   386
       Kick              |    42 |     6 |    21 |     7 ||    76
 Fire: Shortbow          |    12 |   122 |   332 |   241 ||   707
Invok: Heroism           |       |       |       |     1 ||     1
  Use: Potion            |       |     1 |       |     2 ||     3
       Scroll            |       |       |     1 |     8 ||     9
  Eat: Chunk             |     6 |     3 |    17 |     3 ||    29
       Bread ration      |       |       |       |     1 ||     1
Armor: Leather armour    |    62 |    28 |    13 |       ||   103
       Scale mail        |       |       |    48 |    84 ||   132
Dodge: Dodged            |    91 |    33 |    61 |    51 ||   236
Block: Large shield      |    22 |       |       |       ||    22
